 Dungeon Crawl Stone Soup version 0.32-a0-799-g95e1662365 (webtiles) character file.

Game seed: 10677376550391277523

9 smokerry the Cutter (level 2, -2/19 HPs)
             Began as a Kobold Berserker on Mar 20, 2024.
             Was a Follower of Trog.
             Killed from afar by an orc wizard (5 damage)
             ... with a puff of flame
             ... on level 3 of the Dungeon on Mar 21, 2024.
             The game lasted 00:04:33 (260 turns).

smokerry the Cutter (Kobold Berserker)               Turns: 260, Time: 00:04:34

Health: -2/19      AC:  2    Str: 14    XL:     2   Next: 25%
Magic:  2/2        EV: 14    Int:  8    God:    Trog [*.....]
Gold:   15         SH:  0    Dex: 14    Spells: 1/1 levels left

rFire   . . .        g - +2 mace (holy)
rCold   . . .        (no shield)
rNeg    . . .        c - +0 robe
rPois   .            (no helmet)
rElec   .            (no cloak)
rCorr   .            (no gloves)
SInv    .            (no boots)
Will    .....        (no amulet)
Stlth   ++           (no ring)
HPRegen 0.23/turn    (no ring)
MPRegen 0.08/turn

%: no passive effects
@: about to teleport
A: small, no large weapons, nightstalker 3
a: Renounce Religion, Berserk


You were on level 3 of the Dungeon.
You worshipped Trog.
Trog was aware of your devotion.
You visited 1 branch of the dungeon, and saw 3 of its levels.

You collected 15 gold pieces.

Inventory:

Hand Weapons
 a - a +0 short sword
 d - a +0 short sword
 g - a +2 mace of holy wrath (weapon)
Armour
 b - a +0 animal skin
 c - a +0 robe (worn)


   Skills:
 + Level 3.4 Fighting
 + Level 4.3 Short Blades
 + Level 1.6 Armour
 + Level 2.7 Dodging
 + Level 0.2 Stealth


You had one spell level left.
You didn't know any spells.
Your spell library was empty.

Dungeon Overview and Level Annotations

Branches:
Dungeon (3/15)

Altars:


Innate Abilities, Weirdness & Mutations

You are small and have problems with some larger weapons.
You are completely attuned to the shadows.


Message History

The orc barely misses you. x2
The orc wizard casts a spell at you. The puff of flame hits you!
You hit the orc wizard.
The orc wizard is heavily wounded.
The orc wizard hits you with a +0 dagger.
The orc closely misses you.
You closely miss the orc.
The orc wizard hits you with a +0 dagger.
The orc barely misses you.
You hit the orc wizard.
The orc wizard is almost dead.
The orc wizard misses you. The orc misses you. The orc closely misses you.
The orc wizard barely misses you.
You hit the orc.
The orc is severely wounded.
The orc wizard hits you with a +0 dagger.
The orc completely misses you.
You hit the orc.
You kill the orc!
Trog accepts your kill. The orc wizard closely misses you.
The orc hits you but does no damage.
The orc wizard gestures at you while chanting.
The magic dart hits you.
* * * LOW HITPOINT WARNING * * *
You don't know any spells.
You aren't carrying any potions.
As you read the scroll labelled DIEBEUTHER, it crumbles to dust.
It is a scroll of amnesia.
You feel forgetful for a moment.
The orc wizard casts a spell.
The orc wizard flickers and vanishes!
Deactivating autopickup; reactivate with Ctrl-A.
The orc misses you.
As you read the scroll labelled MOANTI YFAW, it crumbles to dust.
You feel strangely unstable.
It was a scroll of teleportation.
You hear some strange, mumbled words.
A puff of flame appears from out of thin air!
The puff of flame hits you.
You die...

######### #.......##
#.........
####{......####. .
...o@........... .#
..=#####....†######.#
... #####........# ..
....####.....
###......####
#####..<.# #.##...
... ... .## ...


You could see an orc.

Vanquished Creatures
  An orc (D:3)
  A goblin (D:1)
  A quokka (D:2)
  3 ball pythons
  2 bats (D:1)
  A kobold (D:1)
9 creatures vanquished.

Notes
Turn   | Place    | Note
-------+----------+-------------------------------------------
     0 | D:1      | smokerry the Kobold Berserker began the quest for the Orb.
     0 | D:1      | Reached XP level 1. HP: 14/14 MP: 1/1
    47 | D:1      | Found a faded altar of an unknown god.
   170 | D:2      | Upgraded the game from 0.32-a0-791-gfc315c9ecd to
                  | 0.32-a0-799-g95e1662365
   196 | D:2      | Reached XP level 2. HP: 15/19 MP: 2/2
   229 | D:3      | Noticed a bombardier beetle
   260 | D:3      | Killed from afar by an orc wizard

Illustrated notes

Levels and vault maps discovered:
D:1:      tarquinn_simple_flora_water_a, layout_basic,
          shapermc_ecumenical_altar_venn, minmay_split_cup_large
D:2:      layout_basic, uniq_sigmund
D:3:      layout_rooms

Action                     || total
---------------------------++-------
  Melee: Short sword       ||    19
         Mace              ||    10
    Use: Scroll            ||     2
   Stab: Sleeping          ||     2
 Armour: Animal skin       ||    10
         Robe              ||     9
  Dodge: Dodged            ||    42

Table legend: (Time is in decaauts)
 A = Elapsed time spent in this place.
 B = Non-inter-level travel time spent in this place.
 C = Inter-level travel time spent in this place.
 D = Time resting spent in this place.
 E = Time spent auto-exploring this place.
 F = Levels seen in this place.
 G = Mean time per level.
                   A        B        C        D        E       F      G
               +--------+--------+--------+--------+--------+-----+--------+
         Total |    259 |    124 |    135 |      0 |      0 |   3 |   86.3 |
       Dungeon |    259 |    124 |    135 |      0 |      0 |   3 |   86.3 |
               +--------+--------+--------+--------+--------+-----+--------+

Top non-repeatable levels by time:
     D:1: 165 daAuts
     D:2: 58 daAuts
     D:3: 34 daAuts
